3AA
ATHLETIC CLUB KC ACADEMY @ PROVIDENCE PILGRIMS
06/07/2041
 
TOP OF THE 1ST
Athletic Club KC Academy batting - Pitching for Providence Pilgrims : RHP Brenton Gunter
Pitching: RHP Brenton Gunter
Batting: RHB Tim Hendricks 0-0: Called Strike
0-1: Foul Ball, location: 2F
0-2: Foul Ball, location: 2F
0-2: Ball
1-2: Foul Ball, location: 2F
1-2: Ball
2-2: Ground out 1-3 (Groundball, 13S, EV 66.9 MPH)
Batting: LHB Rafael Padilla 0-0: Ball
1-0: Foul Ball, location: 2F
1-1: Called Strike
1-2: Ball
2-2: Foul Ball, location: 2F
2-2: Ball
3-2: Ground out 4-3 (Groundball, 4, EV 89.4 MPH)
Batting: RHB Dick Barnett 0-0: Called Strike
0-1: Called Strike
0-2: Ball
1-2: Strikes out swinging
Top of the 1st over - 0 runs, 0 hits, 0 errors, 0 left on base; Athletic Club KC Academy 0 - Providence 0
BOTTOM OF THE 1ST
Providence Pilgrims batting - Pitching for Athletic Club KC Academy : LHP Héctor Puga
Pitching: LHP Héctor Puga
Batting: RHB Keith Lynn 0-0: Ball
1-0: Swinging Strike
1-1: Called Strike
1-2: Foul Ball, location: 2F
1-2: Ball
2-2: Ball
3-2: Fly out, F7 (Flyball, 7S, EV 85.6 MPH)
Batting: RHB Ger Jobse 0-0: Ground out 1-3 (Groundball, 13, EV 86.2 MPH)
Batting: RHB Chris Hall 0-0: Called Strike
0-1: Fly out, F9 (Flyball, 9LM, EV 96.9 MPH)
Bottom of the 1st over - 0 runs, 0 hits, 0 errors, 0 left on base; Athletic Club KC Academy 0 - Providence 0
TOP OF THE 2ND
Athletic Club KC Academy batting - Pitching for Providence Pilgrims : RHP Brenton Gunter
Batting: RHB Mhelter Gaston 0-0: Ball
1-0: Fly out, F7 (Flyball, 78D, EV 100.6 MPH)
Batting: RHB Mike Welch 0-0: Ground out 4-3 (Groundball, 4, EV 85.0 MPH)
Batting: RHB Guillermo Alessandrini 0-0: Called Strike
0-1: Ball
1-1: Ball
2-1: Ground out 6-3 (Groundball, 6, EV 96.9 MPH)
Top of the 2nd over - 0 runs, 0 hits, 0 errors, 0 left on base; Athletic Club KC Academy 0 - Providence 0
BOTTOM OF THE 2ND
Providence Pilgrims batting - Pitching for Athletic Club KC Academy : LHP Héctor Puga
Batting: RHB Gabriel Méndez 0-0: Called Strike
0-1: Swinging Strike
0-2: Foul Ball, location: 2F
0-2: Ball
1-2: Ball
2-2: Strikes out swinging
Batting: RHB Frank Ray 0-0: Ball
1-0: Called Strike
1-1: Fly out, F9 (Flyball, 9, EV 96.9 MPH)
Batting: RHB Ronnie Wise 0-0: Ball
1-0: Ball
2-0: Ball
3-0: Called Strike
3-1: Called Strike
3-2: Foul Ball, location: 2F
3-2: Strikes out swinging, 2-3 out at first.
Bottom of the 2nd over - 0 runs, 0 hits, 0 errors, 0 left on base; Athletic Club KC Academy 0 - Providence 0
TOP OF THE 3RD
Athletic Club KC Academy batting - Pitching for Providence Pilgrims : RHP Brenton Gunter
Batting: SHB Noel Lancaster 0-0: Called Strike
0-1: Ball
1-1: Called Strike
1-2: Foul Ball, location: 2F
1-2: Ball
2-2: Foul Ball, location: 2F
2-2: Strikes out looking
Batting: SHB Michael Evershed 0-0: Ball
1-0: SINGLE (Line Drive, 6D, EV 99.4 MPH)
Batting: LHB Octávio Castaneda 0-0: Foul Ball, location: 2F
0-1: Foul Ball, location: 2F
0-2: Foul Ball, location: 2F
0-2: Foul Ball, location: 2F
0-2: Ball
1-2: Foul Ball, location: 2F
1-2: Strikes out looking
Batting: RHB Tim Hendricks 0-0: Foul Ball, location: 2F
0-1: Ground out 5-3 (Groundball, 5, EV 90.6 MPH)
Top of the 3rd over - 0 runs, 1 hit, 0 errors, 1 left on base; Athletic Club KC Academy 0 - Providence 0
BOTTOM OF THE 3RD
Providence Pilgrims batting - Pitching for Athletic Club KC Academy : LHP Héctor Puga
Batting: RHB Hal Larson 0-0: Ball
1-0: Ground out 1-3 (Groundball, 34S, EV 83.8 MPH)
Batting: RHB Jesse McCoy 0-0: Ball
1-0: Ball
2-0: Ground out 6-3 (Groundball, 6, EV 88.8 MPH)
Batting: RHB Miguel Villarreal 0-0: Called Strike
0-1: Foul Ball, location: 2F
0-2: Strikes out swinging
Bottom of the 3rd over - 0 runs, 0 hits, 0 errors, 0 left on base; Athletic Club KC Academy 0 - Providence 0
TOP OF THE 4TH
Athletic Club KC Academy batting - Pitching for Providence Pilgrims : RHP Brenton Gunter
Batting: LHB Rafael Padilla 0-0: Ball
1-0: Ball
2-0: Ball
3-0: Base on Balls
Batting: RHB Dick Barnett 0-0: Ball
Rafael Padilla is caught stealing 2nd base 2-4
1-0: Ball
2-0: Foul Ball, location: 2F
2-1: Foul Ball, location: 2F
2-2: Strikes out swinging
Batting: RHB Mhelter Gaston 0-0: Ball
1-0: SINGLE (Line Drive, 6MD, EV 97.5 MPH)
Batting: RHB Mike Welch 0-0: Fly out, F8 (Flyball, 8RM, EV 90.0 MPH)
Top of the 4th over - 0 runs, 1 hit, 0 errors, 1 left on base; Athletic Club KC Academy 0 - Providence 0
BOTTOM OF THE 4TH
Providence Pilgrims batting - Pitching for Athletic Club KC Academy : LHP Héctor Puga
Batting: RHB Keith Lynn 0-0: Ball
1-0: Ball
2-0: Ball
3-0: Called Strike
3-1: Base on Balls
Batting: RHB Ger Jobse 0-0: Called Strike
0-1: Ball
1-1: Ball
2-1: Ball
3-1: Fielders Choice at 2nd, 4-6 (Groundball, 4M, EV 104.4 MPH)
Batting: RHB Chris Hall 0-0: Grounds into double play, 4-6-3 (Groundball, 4, EV 90.6 MPH)
Bottom of the 4th over - 0 runs, 0 hits, 0 errors, 0 left on base; Athletic Club KC Academy 0 - Providence 0
TOP OF THE 5TH
Athletic Club KC Academy batting - Pitching for Providence Pilgrims : RHP Brenton Gunter
Batting: RHB Guillermo Alessandrini 0-0: Called Strike
0-1: Foul Ball, location: 2F
0-2: Ball
1-2: Ground out 5-3 (Groundball, 56S, EV 65.0 MPH)
Batting: SHB Noel Lancaster 0-0: Fly out, F9 (Flyball, 9LS, EV 77.5 MPH)
Batting: SHB Michael Evershed 0-0: Ground out 6-3 (Groundball, 56, EV 86.9 MPH)
Top of the 5th over - 0 runs, 0 hits, 0 errors, 0 left on base; Athletic Club KC Academy 0 - Providence 0
BOTTOM OF THE 5TH
Providence Pilgrims batting - Pitching for Athletic Club KC Academy : LHP Héctor Puga
Batting: RHB Gabriel Méndez 0-0: Foul Ball, location: 2F
0-1: Called Strike
0-2: Foul Ball, location: 2F
0-2: Strikes out looking
Batting: RHB Frank Ray 0-0: Called Strike
0-1: Ball
1-1: Ball
2-1: Ball
3-1: Called Strike
3-2: Base on Balls
Batting: RHB Ronnie Wise 0-0: Foul Ball, location: 2F
0-1: Swinging Strike
0-2: Fly out, F2 (Popup, 23F, EV 85.0 MPH)
Batting: RHB Hal Larson 0-0: Swinging Strike
0-1: DOUBLE (Groundball, 5L, EV 105.6 MPH)
Frank Ray to third
Batting: RHB Jesse McCoy 0-0: Ground out 1-3 (Groundball, 34S, EV 85.0 MPH)
Bottom of the 5th over - 0 runs, 1 hit, 0 errors, 2 left on base; Athletic Club KC Academy 0 - Providence 0
TOP OF THE 6TH
Athletic Club KC Academy batting - Pitching for Providence Pilgrims : RHP Brenton Gunter
Batting: LHB Octávio Castaneda 0-0: Fly out, F7 (Flyball, 7LD, EV 106.9 MPH)
Batting: RHB Tim Hendricks 0-0: Ball
1-0: Foul Ball, location: 2F
1-1: Swinging Strike
1-2: Ball
2-2: Ball
3-2: Ground out 1-3 (Groundball, 23, EV 83.8 MPH)
Batting: LHB Rafael Padilla 0-0: Ball
1-0: Ball
2-0: Called Strike
2-1: Ball
3-1: Fly out, F7 (Flyball, 7LSF, EV 98.1 MPH)
Top of the 6th over - 0 runs, 0 hits, 0 errors, 0 left on base; Athletic Club KC Academy 0 - Providence 0
BOTTOM OF THE 6TH
Providence Pilgrims batting - Pitching for Athletic Club KC Academy : LHP Héctor Puga
Batting: RHB Miguel Villarreal 0-0: Ball
1-0: Ball
2-0: Fly out, F8 (Line Drive, 8LD, EV 88.1 MPH)
Batting: RHB Keith Lynn 0-0: Fly out, F7 (Flyball, 7, EV 83.1 MPH)
Batting: RHB Ger Jobse 0-0: Ball
1-0: Fly out, F9 (Flyball, 9LMF, EV 86.2 MPH)
Bottom of the 6th over - 0 runs, 0 hits, 0 errors, 0 left on base; Athletic Club KC Academy 0 - Providence 0
TOP OF THE 7TH
Athletic Club KC Academy batting - Pitching for Providence Pilgrims : RHP Brenton Gunter
Batting: RHB Dick Barnett 0-0: Foul Ball, location: 2F
0-1: Foul Ball, location: 2F
0-2: SINGLE (Line Drive, 9S, EV 106.2 MPH)
Batting: RHB Mhelter Gaston 0-0: Called Strike
0-1: Foul Ball, location: 2F
0-2: Ball
1-2: SINGLE (Line Drive, 8RM, EV 96.2 MPH)
Dick Barnett to second
Batting: RHB Mike Welch 0-0: Foul Ball, location: 2F
0-1: Ball
1-1: Foul Ball, location: 2F
1-2: Fly out, F7 (Flyball, 7, EV 89.4 MPH)
Batting: RHB Guillermo Alessandrini 0-0: Ball
Wild Pitch!
Dick Barnett to third
Mhelter Gaston to second
1-0: Called Strike
1-1: Fly out, F9 (Flyball, 9D, EV 96.9 MPH)
Runner from 3rd tags up, SCORES, no throw by RF
Batting: SHB Noel Lancaster 0-0: Ball
Passed Ball!
Mhelter Gaston to third
1-0: Ball
2-0: Swinging Strike
2-1: Ball
3-1: Base on Balls
Batting: SHB Michael Evershed 0-0: Ball
1-0: Fly out, F7 (Flyball, 78M, EV 83.1 MPH)
Top of the 7th over - 1 run, 2 hits, 0 errors, 2 left on base; Athletic Club KC Academy 1 - Providence 0
BOTTOM OF THE 7TH
Providence Pilgrims batting - Pitching for Athletic Club KC Academy : LHP Héctor Puga
Batting: RHB Chris Hall 0-0: Ball
1-0: Ball
2-0: Called Strike
2-1: Foul Ball, location: 2F
2-2: Fly out, F9 (Flyball, 9, EV 96.9 MPH)
Batting: RHB Gabriel Méndez 0-0: Ball
1-0: Ball
2-0: Ground out 4-3 (Groundball, 4, EV 80.6 MPH)
Batting: RHB Frank Ray 0-0: Ball
1-0: SINGLE (Line Drive, 78S, EV 110.6 MPH)
Batting: RHB Ronnie Wise 0-0: Ball
1-0: Ball
2-0: Called Strike
2-1: Foul Ball, location: 2F
2-2: Fly out, F8 (Line Drive, 8RD, EV 96.2 MPH)
Bottom of the 7th over - 0 runs, 1 hit, 0 errors, 1 left on base; Athletic Club KC Academy 1 - Providence 0
TOP OF THE 8TH
Athletic Club KC Academy batting - Pitching for Providence Pilgrims : RHP Brenton Gunter
Batting: LHB Octávio Castaneda 0-0: Ball
1-0: Ball
2-0: Fly out, F6 (Popup, P, EV 75.6 MPH)
Batting: RHB Tim Hendricks 0-0: Swinging Strike
0-1: SINGLE (Line Drive, 4D, EV 98.1 MPH)
Pitching: RHP Lúcio Salas
Batting: LHB Rafael Padilla 0-0: Foul Ball, location: 2F
0-1: Ball
1-1: Fly out, F9 (Flyball, 89M, EV 92.5 MPH)
Batting: RHB Dick Barnett 0-0: Foul Ball, location: 2F
0-1: Called Strike
0-2: Ball
1-2: Foul Ball, location: 2F
1-2: Strikes out swinging
Top of the 8th over - 0 runs, 1 hit, 0 errors, 1 left on base; Athletic Club KC Academy 1 - Providence 0
BOTTOM OF THE 8TH
Providence Pilgrims batting - Pitching for Athletic Club KC Academy : LHP Héctor Puga
Batting: RHB Hal Larson 0-0: Ground out 6-3 (Groundball, 6, EV 79.4 MPH)
Batting: RHB Jesse McCoy 0-0: Called Strike
0-1: Foul Ball, location: 2F
0-2: Strikes out swinging
Batting: RHB Miguel Villarreal 0-0: Foul Ball, location: 2F
0-1: Ball
1-1: Ball
2-1: Swinging Strike
2-2: Foul Ball, location: 2F
2-2: Ball
3-2: Ground out 1-3 (Groundball, P, EV 86.2 MPH)
Bottom of the 8th over - 0 runs, 0 hits, 0 errors, 0 left on base; Athletic Club KC Academy 1 - Providence 0
TOP OF THE 9TH
Athletic Club KC Academy batting - Pitching for Providence Pilgrims : RHP Lúcio Salas
Batting: RHB Mhelter Gaston 0-0: Called Strike
0-1: Ball
1-1: Swinging Strike
1-2: Strikes out swinging
Batting: RHB Mike Welch 0-0: Ball
1-0: Ball
2-0: Ball
3-0: Base on Balls
Batting: RHB Guillermo Alessandrini 0-0: Ball
1-0: Grounds into double play, 6-4-3 (Groundball, 6, EV 105.0 MPH)
Top of the 9th over - 0 runs, 0 hits, 0 errors, 0 left on base; Athletic Club KC Academy 1 - Providence 0
BOTTOM OF THE 9TH
Providence Pilgrims batting - Pitching for Athletic Club KC Academy : LHP Héctor Puga
Pitching: RHP Grant Gremel
Batting: RHB Keith Lynn 0-0: Called Strike
0-1: Ground out 6-3 (Groundball, 6, EV 87.5 MPH)
Pinch Hitting: LHB Pancho Coloma 0-0: Ball
1-0: Foul Ball, location: 2F
1-1: Called Strike
1-2: Ball
2-2: Ground out 6-3 (Groundball, 6, EV 88.8 MPH)
Batting: RHB Chris Hall 0-0: Called Strike
0-1: Ground out 4-3 (Groundball, 4, EV 79.4 MPH)
Bottom of the 9th over - 0 runs, 0 hits, 0 errors, 0 left on base; Athletic Club KC Academy 1 - Providence 0
Tuesday, January 5th, 2021 - OOTP Baseball 20.8 Build 74